[Event "Team 45 45 League T30"]
[Site "Internet Chess Club"]
[Date "2006.04.23"]
[Round "5"]
[White "ROWLAND"]
[Black "jayes"]
[Result "1/2-1/2"]
[WhiteElo "1935"]
[BlackElo "1969"]
[TimeControl "2700+45"]

1. e4 c5 2. Nf3 Nc6 3. d4 cxd4 4. Nxd4 Nf6 5. Nc3 e5 6. Ndb5 d6 7. Bg5 a6 8. Na3
b5 9. Nd5 Be7 10. Bxf6 Bxf6 11. c3 O-O 12. Nc2 Bg5 13. a4 bxa4 14. Rxa4 a5 15.
Bc4 Rb8 16. b3 Kh8 17. h4 Bh6 18. g4 Bf4 19. Nce3 Be6 20. Qe2 Ne7 21. Kf1 Nxd5
22. Nxd5 Bxd5 23. Bxd5 g6 24. Kg2 f5 25. gxf5 gxf5 26. exf5 Rxf5 27. Qg4 Qf6 28.
Kh3 h5 29. Qg2 Bd2 30. f3 Bxc3 31. Rc4 Bd4 32. Rc7 Rf8 33. Rhc1 Bc5 34. Ra1 e4
35. Bxe4 Qxa1 36. Bxf5 Rxf5 37. Rc8+ Kh7 38. Qg8+ Kh6 39. Qe6+ Qf6 40. Rh8+ Kg6
41. Qg8+ Qg7 42. Qe6+ Rf6 43. Qe4+ Rf5 44. Qe6+ Qf6 45. Qg8+ Qg7 46. Qe6+ Qf6
{Game drawn by repetition} 1/2-1/2  aics%

[Event "Team 45 45 League T30"]
[Site "Internet Chess Club"]
[Date "2006.04.24"]
[Round "5"]
[White "Boromir"]
[Black "BillyNoMates"]
[Result "1/2-1/2"]
[WhiteElo "1878"]
[BlackElo "1907"]
[TimeControl "2700+45"]

1. d4 Nf6 2. c4 c5 3. d5 b5 4. cxb5 a6 5. b6 Qxb6 6. Nc3 d6 7. e4 Nbd7 8. Nf3 g6
9. Be2 Bg7 10. Nd2 O-O 11. Nc4 Qc7 12. Bf4 Rb8 13. Qc2 Rb4 14. a3 Rb7 15. O-O
Ne8 16. Bg5 Ne5 17. Nxe5 Bxe5 18. Bxa6 Rxb2 19. Qxb2 Bxa6 20. Rfe1 Nf6 21. Bxf6
Bxf6 22. Qc2 Qa5 23. Rac1 Rb8 24. Na4 Bb5 25. Rb1 Ra8 26. Nb2 Qxa3 27. Nc4 Qa6
28. Rxb5 Qxb5 29. Rb1 Qxb1+ 30. Qxb1 Ra1 31. Qxa1 Bxa1 32. Kf1 Kg7 33. Ke2 Bd4
34. f3 Bg1 35. h3 Kf8 36. g3 Ke8 37. f4 Bd4 38. g4 f6 39. f5 g5 40. Kd3 Kd8 41.
Na5 Kd7 42. Kc4 Be5 {Game drawn by mutual agreement} 1/2-1/2  aics%

[Event "Team 45 45 League T30"]
[Site "Internet Chess Club"]
[Date "2006.04.28"]
[Round "5"]
[White "Malcolm"]
[Black "martineden"]
[Result "1/2-1/2"]
[WhiteElo "1743"]
[BlackElo "1893"]
[TimeControl "2700+45"]

1. Nc3 d5 2. e4 d4 3. Nce2 e5 4. Ng3 Bd6 5. Nf3 c5 6. Bc4 Nf6 7. O-O O-O 8. d3
Nc6 9. a4 Qe7 10. Nh4 Be6 11. Nhf5 Qd7 12. Bg5 Ne8 13. Bxe6 fxe6 14. Nxd6 Nxd6
15. b3 a6 16. a5 Rf7 17. Bd2 Raf8 18. f3 Qc7 19. Ne2 b5 20. axb6 Qxb6 21. Qe1
Nb4 22. Qc1 Ra7 23. f4 exf4 24. Nxf4 Raf7 25. Qb2 e5 26. Bxb4 cxb4 27. Nd5 Rxf1+
28. Rxf1 Rxf1+ 29. Kxf1 Qc5 30. Qc1 h6 31. Ke1 Nb5 32. Qd1 Na3 33. Kd2 a5 34.
Kc1 h5 {Game drawn by mutual agreement} 1/2-1/2  aics%

[Event "Team 45 45 League T30"]
[Site "Internet Chess Club"]
[Date "2006.04.27"]
[Round "5"]
[White "Allessia"]
[Black "bobhill"]
[Result "1-0"]
[WhiteElo "2177"]
[BlackElo "2040"]
[TimeControl "2700+45"]

1. e4 c5 2. Nc3 Nc6 3. g3 g6 4. Bg2 Bg7 5. d3 Nf6 6. Be3 d6 7. h3 O-O 8. Qd2 Bd7
9. Nge2 a6 10. O-O Qc8 11. Kh2 Rb8 12. f4 b5 13. Nd1 b4 14. c3 a5 15. Nf2 e6 16.
g4 Ne7 17. Ng3 d5 18. e5 Ne8 19. g5 Bh8 20. Ng4 Nf5 21. Nxf5 gxf5 22. Nf6+ Bxf6
23. gxf6 Kh8 24. Bf3 bxc3 25. bxc3 a4 26. a3 Rb5 27. Rfb1 Qb8 28. Rxb5 Qxb5 29.
Rg1 Bc6 30. Bh5 d4 31. cxd4 cxd4 32. Bxd4 Qd5 33. Qf2 Qb3 34. Bc5 Rg8 35. Bxf7
Rxg1 36. Qxg1 Qb2+ 37. Bf2 Nxf6 {Black resigns} 1-0  aics%

[Event "Team 45 45 League T30"]
[Site "Internet Chess Club"]
[Date "2006.04.24"]
[Round "5"]
[White "Gregorio"]
[Black "adingod"]
[Result "1-0"]
[WhiteElo "2068"]
[BlackElo "2006"]
[TimeControl "2700+45"]

1. e4 Nf6 2. e5 Nd5 3. d4 d6 4. Nf3 g6 5. c3 Bg7 6. Bd3 Nc6 7. exd6 cxd6 8. O-O
O-O 9. Bc4 Nf6 10. d5 Nb8 11. Re1 a6 12. a4 Bg4 13. h3 Bxf3 14. Qxf3 Nbd7 15.
Ba2 Rc8 16. Be3 Ne5 17. Qe2 Qa5 18. f4 Ned7 19. Qd1 Rfe8 20. Bd4 b5 21. axb5
axb5 22. Nd2 Qc7 23. Qf3 Nb6 24. Rad1 Qb7 25. Bxf6 Bxf6 26. Ne4 Nd7 27. Nxf6+
Nxf6 28. f5 Qa7+ 29. Rd4 Qxa2 30. fxg6 hxg6 31. h4 Rc4 32. Rd2 Qa7+ 33. Rf2 Rxh4
34. g3 Ra4 35. Kg2 Qa8 36. Rd2 Ra1 37. Rdd1 Rxd1 38. Rxd1 Qa4 39. Rd4 Qc2+ 40.
Qf2 Qxf2+ 41. Kxf2 Ng4+ 42. Rxg4 Kg7 43. Rb4 Rb8 44. c4 Rc8 45. cxb5 Kf6 46. Ke3
Rb8 47. Rf4+ Kg7 48. Rb4 e5 49. b6 Rb7 50. Kd3 f5 51. Kc4 f4 52. gxf4 exf4 53.
Kb5 g5 54. Kc6 f3 55. Rb3 g4 56. Rb4 f2 57. Rxg4+ Kf8 58. Rf4+ Rf7 59. Rxf2 Rxf2
60. b4 {Black resigns} 1-0  aics%

[Event "Team 45 45 League T30"]
[Site "Internet Chess Club"]
[Date "2006.04.26"]
[Round "5"]
[White "Div-anand"]
[Black "nightflier"]
[Result "1/2-1/2"]
[WhiteElo "1906"]
[BlackElo "2049"]
[TimeControl "2700+45"]

1. e4 c6 2. d4 d5 3. exd5 cxd5 4. c4 Nf6 5. Nc3 e6 6. Nf3 Bb4 7. cxd5 Nxd5 8.
Bd2 Nc6 9. Bd3 Be7 10. O-O O-O 11. Qe2 Nf6 12. Ne4 Qb6 13. Bg5 Nxd4 14. Nxd4
Qxd4 15. Rfd1 Kh8 16. Nxf6 Bxf6 17. Bxh7 Qxb2 18. Qxb2 Bxb2 19. Rab1 Kxh7 20.
Rxb2 Kg6 21. Be3 b6 22. Rc2 e5 23. Rc7 Be6 24. a3 Rfc8 25. Rdc1 f5 26. g3 Rd8
27. Kf1 Rac8 28. Rxc8 Rxc8 29. Rxc8 Bxc8 30. h4 Kf6 31. Ke2 Ba6+ 32. Kd2 Ke6
{Game drawn by mutual agreement} 1/2-1/2  aics%

[Event "Team 45 45 League T30"]
[Site "Internet Chess Club"]
[Date "2006.04.24"]
[Round "5"]
[White "stakastra"]
[Black "autobot"]
[Result "0-1"]
[WhiteElo "1610"]
[BlackElo "1644"]
[TimeControl "2700+45"]

1. e4 c6 2. Nf3 d5 3. d3 Bg4 4. Be2 e6 5. Be3 Nf6 6. e5 Nfd7 7. d4 c5 8. c3 Nc6
9. O-O cxd4 10. cxd4 Qb6 11. Nbd2 Be7 12. Nb3 O-O 13. Rc1 Rfc8 14. Bg5 Bxf3 15.
Bxf3 Bxg5 16. Rc2 Nb4 17. Rxc8+ Rxc8 18. Bh5 g6 19. Qg4 Bh6 20. Qg3 Bg7 21. Bg4
Nc6 22. Rc1 Qd8 23. Rd1 a5 24. h4 a4 25. Nd2 Nxd4 26. Nf3 Ne2+ {White resigns}
0-1  aics%

[Event "Team 45 45 League T30"]
[Site "Internet Chess Club"]
[Date "2006.04.21"]
[Round "5"]
[White "BenjaminSisko"]
[Black "Klowe"]
[Result "1-0"]
[WhiteElo "1623"]
[BlackElo "1682"]
[TimeControl "2700+45"]

1. e4 c5 2. Nf3 Nc6 3. g3 e5 4. Bg2 d6 5. c3 Nf6 6. Qe2 Be7 7. O-O h6 8. Re1 Be6
9. d3 O-O 10. Nbd2 Nh7 11. d4 cxd4 12. cxd4 exd4 13. b3 Rc8 14. Bb2 d3 15. Qf1
Nb4 16. Nd4 Nc2 17. Nxc2 Rxc2 18. Bc1 Qa5 19. Qxd3 Rxa2 20. Rxa2 Qxa2 21. Nc4
Bxc4 22. Qxc4 Qa5 23. b4 Qd8 24. Be3 b6 25. Qa6 Qd7 26. Ra1 Bf6 27. Qxa7 Qb5 28.
Rb1 Qd3 29. Rf1 Bd4 30. Bxd4 Qxd4 31. Qa4 Nf6 32. Rd1 Qe5 33. Qc6 d5 34. exd5
Qe2 35. Qc1 Re8 36. d6 Ng4 37. Rd2 Qe1+ 38. Qxe1 Rxe1+ 39. Bf1 Re8 40. Bb5 Re1+
41. Kg2 Nf6 42. d7 Nxd7 43. Bxd7 Kf8 44. b5 Ke7 45. Bc6 g5 46. Rd7+ Kf6 47. Rc7
h5 48. Rb7 h4 49. Rxb6 g4 50. h3 Kg5 51. hxg4 Kxg4 52. gxh4 Kxh4 53. Rb7 Re6 54.
Rxf7 Rg6+ 55. Kf1 Rd6 56. Re7 Kg5 57. Re2 Kf4 58. f3 Kg3 59. Rg2+ Kf4 60. Ke2
Re6+ 61. Kd3 Re3+ 62. Kc4 Re1 63. Rb2 Ke5 64. Be4 Rc1+ 65. Kb4 Rc8 66. b6 Kd6
67. b7 Rb8 68. Rc2 Kd7 69. Kb5 Rg8 70. Kb6 Rg6+ 71. Bc6+ {Black resigns} 1-0 
aics%  Moondog(101): howdy Kyon :0 aics%

[Event "Team 45 45 League T30"]
[Site "Internet Chess Club"]
[Date "2006.04.21"]
[Round "5"]
[White "Tomate"]
[Black "mrmarck"]
[Result "0-1"]
[WhiteElo "1427"]
[BlackElo "1432"]
[TimeControl "2700+45"]

1. e4 e5 2. Nf3 Nc6 3. Bb5 d6 4. O-O Bd7 5. Nc3 Nf6 6. Re1 Be7 7. Bxc6 Bxc6 8.
d3 O-O 9. Ne2 Nh5 10. Be3 f5 11. Nc3 b6 12. Nxe5 dxe5 13. Qxh5 g6 14. Qd1 f4 15.
Bd2 Bc5 16. Qg4 Bd7 17. Qf3 Qh4 18. h3 g5 19. Qe2 g4 20. hxg4 Bxg4 21. Qf1 Rf7
22. Nd5 Rd8 23. Ne3 fxe3 24. Bxe3 Rd6 25. g3 Qh5 26. Bxc5 Bf3 27. Qg2 Bxg2 28.
Kxg2 bxc5 29. Rf1 Qf3+ {White resigns} 0-1  aics%

[Event "Team 45 45 League T30"]
[Site "Internet Chess Club"]
[Date "2006.04.24"]
[Round "5"]
[White "RD1974"]
[Black "nursey"]
[Result "1-0"]
[WhiteElo "1614"]
[BlackElo "1639"]
[TimeControl "2700+45"]

1. e4 e5 2. Bc4 Nf6 3. d3 Bb4+ 4. Nd2 O-O 5. a3 Bxd2+ 6. Bxd2 d6 7. Nf3 Be6 8.
Bxe6 fxe6 9. Bg5 h6 10. Be3 Ng4 11. Bd2 Nc6 12. h3 Nf6 13. Bc3 a6 14. O-O Qe7
15. Qe2 Rad8 16. Nh4 Qf7 17. f4 exf4 18. Rxf4 e5 19. Rf2 Nd4 20. Bxd4 exd4 21.
Nf5 c5 22. c3 dxc3 23. bxc3 d5 24. e5 Rfe8 25. d4 cxd4 26. cxd4 Re6 27. Qf3 Rf8
28. exf6 Rxf6 29. Raf1 Qd7 30. Qd3 Kh8 31. Nh4 Rxf2 32. Rxf2 Rxf2 33. Kxf2 b5
34. Ng6+ Kg8 35. Ne5 Qd6 36. Qg6 Qxa3 37. Qf7+ Kh7 38. Qg6+ Kg8 39. Qf7+ Kh7 40.
Qg6+ Kh8 41. Nf7+ Kg8 42. Nxh6+ Kh8 43. Nf5 Qb2+ 44. Kg3 Qc3+ 45. Kf4 Qc7+ 46.
Qd6 Qxd6+ 47. Nxd6 b4 48. Ke3 a5 49. Nb7 a4 50. Nc5 a3 51. Nb3 g6 52. Kf4 Kg7
53. Ke5 a2 54. Kxd5 Kf6 55. Ke4 Ke6 56. h4 Kd6 57. d5 {Black resigns} 1-0  aics%

[Event "Team 45 45 League T30"]
[Site "Internet Chess Club"]
[Date "2006.04.23"]
[Round "5"]
[White "peatmoss"]
[Black "Rainbird"]
[Result "0-1"]
[WhiteElo "1508"]
[BlackElo "1683"]
[TimeControl "2700+45"]

1. e4 c5 2. Nf3 e6 3. c3 Nf6 4. d3 Nc6 5. Be3 d5 6. exd5 exd5 7. Nbd2 Bd6 8. Be2
O-O 9. Bg5 Re8 10. O-O h6 11. Bh4 b6 12. Rc1 Bb7 13. Re1 Re6 14. d4 Qd7 15. Nf1
Ne4 16. c4 Ne7 17. Ne5 Bxe5 18. Bg4 f5 19. cxd5 Bxd5 20. dxe5 Rd8 21. Bxf5 Nxf5
22. Bxd8 Nd4 23. Qg4 Qxd8 24. Rxe4 Bxe4 25. Qxe6+ Nxe6 {White resigns} 0-1 
aics%

[Event "Team 45 45 League T30"]
[Site "Internet Chess Club"]
[Date "2006.04.23"]
[Round "5"]
[White "bondguy01"]
[Black "kutch"]
[Result "1-0"]
[WhiteElo "1651"]
[BlackElo "1478"]
[TimeControl "2700+45"]

1. d4 d5 2. c4 e6 3. Nf3 Nf6 4. Bg5 Nbd7 5. e3 c6 6. Nbd2 Be7 7. Bd3 dxc4 8.
Nxc4 Nd5 9. Nd6+ Kf8 10. Bxe7+ Qxe7 11. Nc4 c5 12. O-O cxd4 13. exd4 b6 14. Nfe5
Bb7 15. a3 Nf4 16. Nf3 Nxd3 17. Qxd3 Bd5 18. Rfe1 g6 19. Rac1 Kg7 20. Nfe5 Rhd8
21. Nxd7 Bxc4 22. Qxc4 Qxd7 23. Rcd1 Rac8 24. Qe2 Rc4 25. Qe5+ f6 26. Qxe6 Rxd4
27. Rxd4 Qxe6 28. Rxe6 Rxd4 29. h3 Kf7 30. Re2 Rd1+ 31. Kh2 Rd3 32. f3 Rd6 33.
Kg3 Re6 34. Rc2 Re7 35. Rc6 f5 36. b4 Ke8 37. b5 Kd7 38. Rc4 Kd6 39. Kf4 Kd5 40.
Rc6 Kd4 41. a4 Rb7 42. h4 Kd5 43. g3 a6 44. Kg5 axb5 45. axb5 Kd4 46. h5 Ke3 47.
hxg6 hxg6 48. f4 Kf3 49. Kxg6 Kg4 50. Rf6 Kxg3 51. Kxf5 Kf3 52. Ke6 Ke4 53. f5
Rc7 54. Kd6 Rc5 55. Rf7 Rxb5 56. f6 Rd5+ 57. Kc6 b5 58. Re7+ Kf4 59. Kxd5 {Black
resigns} 1-0  aics%

[Event "Team 45 45 League T30"]
[Site "Internet Chess Club"]
[Date "2006.04.23"]
[Round "5"]
[White "mal57"]
[Black "Just-Jim"]
[Result "1-0"]
[WhiteElo "1469"]
[BlackElo "1392"]
[TimeControl "2700+45"]

1. e4 e5 2. Nc3 Bc5 3. Nge2 d6 4. d4 exd4 5. Nxd4 Nd7 6. Na4 Bxd4 7. Qxd4 Ngf6
8. Bg5 O-O 9. Bd3 Qe8 10. O-O-O Ne5 11. Bxf6 gxf6 12. b3 Ng6 13. g3 Bg4 14. Rde1
Ne5 15. Re3 Qe7 16. f4 Nc6 17. Qb2 f5 18. Rhe1 fxe4 19. Rxe4 Be6 20. f5 d5 21.
Rg4+ Qg5+ 22. Rxg5# {Black checkmated} 1-0  aics%

[Event "Team 45 45 League T30"]
[Site "Internet Chess Club"]
[Date "2006.04.20"]
[Round "5"]
[White "reinaroja"]
[Black "NotSoGreat"]
[Result "1-0"]
[WhiteElo "2156"]
[BlackElo "2252"]
[TimeControl "2700+45"]

1. e4 c5 2. Nf3 Nc6 3. d4 cxd4 4. Nxd4 Qc7 5. Nc3 e6 6. Be2 a6 7. O-O Nf6 8. Kh1
Bb4 9. Bg5 Bxc3 10. Bxf6 gxf6 11. bxc3 Ne7 12. Qd2 d5 13. exd5 Nxd5 14. c4 Nf4
15. Bf3 O-O 16. Ne2 Nxe2 17. Bxe2 Kg7 18. Bd3 Bd7 19. Rae1 Rg8 20. Re3 f5 21.
Qc3+ f6 22. Bxf5 exf5 23. Re7+ Kg6 24. Rd1 Rg7 25. Rdxd7 Qxd7 26. Qg3+ Kh5 27.
Qf3+ Kg6 28. Rxd7 Rxd7 29. g4 f4 30. Qxf4 Rad8 31. h4 Kg7 32. c5 Rc8 33. Qf5
Rdc7 34. h5 Rc6 35. f4 R8c7 36. Kg2 Re7 37. Kf3 Rce6 38. g5 fxg5 39. Qxg5+ Kf7
40. Qf5+ Ke8 41. c4 Rc6 42. Qd5 Rf7 43. Qe5+ Kd7 44. f5 Re7 45. Qb8 Rc7 46. Kf4
Rf7 47. h6 Kc6 48. Qa7 Kd7 49. Qb6 Kc8 50. Qe6+ Kb8 51. f6 Ka7 52. a4 Kb8 53.
Qe8+ Ka7 54. Kf5 Rxc5+ 55. Ke6 Rfc7 56. f7 Rxc4 57. f8=Q R4c6+ 58. Kd5 Rc1 59.
Qa8+ Kb6 60. Qb4# {Black checkmated} 1-0  aics%

[Event "Team 45 45 League T30"]
[Site "Internet Chess Club"]
[Date "2006.04.23"]
[Round "5"]
[White "billarvola"]
[Black "MiroslavR"]
[Result "1/2-1/2"]
[WhiteElo "2008"]
[BlackElo "1966"]
[TimeControl "2700+45"]

1. d4 Nf6 2. c4 g6 3. Nc3 Bg7 4. e4 d6 5. Nf3 O-O 6. Be3 e5 7. dxe5 dxe5 8. Qxd8
Rxd8 9. Nd5 Na6 10. O-O-O Bg4 11. h3 Bxf3 12. gxf3 c6 13. Nxf6+ Bxf6 14. Be2 b6
15. f4 exf4 16. Bxf4 Bd4 17. f3 c5 18. a3 Rd7 19. Rd3 Rad8 20. Rhd1 Nb8 21. Bxb8
Rxb8 22. f4 Rbd8 23. Kc2 Kf8 24. Bf3 {Game drawn by mutual agreement} 1/2-1/2 
aics%

[Event "Team 45 45 League T30"]
[Site "Internet Chess Club"]
[Date "2006.04.23"]
[Round "5"]
[White "kabindra"]
[Black "Vitruvian"]
[Result "1-0"]
[WhiteElo "1915"]
[BlackElo "1943"]
[TimeControl "2700+45"]

1. e4 Nf6 2. e5 Nd5 3. d4 d6 4. c4 Nb6 5. f4 dxe5 6. fxe5 c5 7. d5 e6 8. Nc3
exd5 9. cxd5 c4 10. Nf3 Bb4 11. Bg5 Qxd5 12. Qxd5 Nxd5 13. O-O-O Ne7 14. Nb5 Na6
15. Nd6+ Bxd6 16. exd6 Nc6 17. Bxc4 f6 18. Rhe1+ Kd8 19. Bf4 Re8 20. Rxe8+ Kxe8
21. Re1+ Kd8 22. Bb5 Nab8 23. Nd4 g5 24. Bg3 Bd7 25. Ne6+ Bxe6 26. Rxe6 f5 27.
Rh6 f4 28. Bf2 a6 29. Bxc6 Nxc6 30. Rxh7 Rb8 31. Bb6+ Ke8 32. d7+ Kf8 33. Rh8+
Ke7 34. Rxb8 {Black resigns} 1-0  aics%

[Event "Team 45 45 League T30"]
[Site "Internet Chess Club"]
[Date "2006.04.21"]
[Round "5"]
[White "Nomad"]
[Black "Legal"]
[Result "0-1"]
[WhiteElo "1935"]
[BlackElo "2039"]
[TimeControl "2700+45"]

1. e4 d5 2. exd5 Nf6 3. Bb5+ Bd7 4. Bc4 Bg4 5. f3 Bf5 6. g4 Bc8 7. Bb5+ Nbd7 8.
c4 a6 9. Ba4 b5 10. cxb5 Nxd5 11. bxa6 e6 12. Ne2 Qh4+ 13. Ng3 Bd6 14. Kf2 h5
15. g5 Qd4+ 16. Ke1 Nf4 17. Bc2 Nc5 18. Ne4 Nfd3+ 19. Bxd3 Nxd3+ 20. Kf1 Bxa6
21. Kg2 Nf4+ 22. Kg3 h4+ 23. Kg4 f5+ 24. gxf6 gxf6 25. Nxd6+ cxd6 {White
resigns} 0-1  aics%

[Event "Team 45 45 League T30"]
[Site "Internet Chess Club"]
[Date "2006.04.24"]
[Round "5"]
[White "Chessmurderer"]
[Black "Bort"]
[Result "1/2-1/2"]
[WhiteElo "1927"]
[BlackElo "1993"]
[TimeControl "2700+45"]

1. d4 Nf6 2. c4 g6 3. Nc3 d5 4. cxd5 Nxd5 5. e4 Nxc3 6. bxc3 Bg7 7. Nf3 c5 8. h3
Nc6 9. Be3 Qa5 10. Bd2 O-O 11. Be2 Rd8 12. O-O cxd4 13. cxd4 Qc7 14. Be3 f5 15.
Qb3+ Kh8 16. Ng5 e6 17. exf5 gxf5 18. Bh5 Nxd4 19. Bxd4 Rxd4 20. Rae1 Qc4 21.
Nxe6 Bxe6 22. Rxe6 Qxb3 23. axb3 Rb4 24. Re3 Rd8 25. Rfe1 Bf6 26. Bf7 Kg7 27.
Be6 f4 28. Rf3 b5 29. g3 Rdd4 30. Rc1 Be5 31. Rc5 Kf6 32. Rc6 Rd6 33. Rxd6 Bxd6
34. Bg8 h6 35. gxf4 Rxf4 36. Kg2 Ke5 37. Rxf4 Kxf4 38. Bd5 {Game drawn by mutual
agreement} 1/2-1/2  aics%

[Event "Team 45 45 League T30"]
[Site "Internet Chess Club"]
[Date "2006.04.23"]
[Round "5"]
[White "forketta"]
[Black "tourettes"]
[Result "1-0"]
[WhiteElo "1944"]
[BlackElo "1739"]
[TimeControl "2700+45"]

1. d4 Nf6 2. c4 e6 3. Nc3 Bb4 4. Qc2 O-O 5. a3 Bxc3+ 6. Qxc3 b6 7. Bg5 h6 8. Bh4
Bb7 9. e3 d6 10. Ne2 Nbd7 11. Qd3 Qc8 12. Nc3 a6 13. Be2 c5 14. O-O Qc7 15. Rfd1
cxd4 16. Qxd4 d5 17. cxd5 exd5 18. Bf3 Rad8 19. Nxd5 Bxd5 20. Bxd5 g5 21. Bg3
Qa7 22. e4 Rfe8 23. Rac1 Nxd5 24. exd5 Nc5 25. Qf6 Kh7 26. Be5 Rg8 27. b4 Nd7
28. Qxf7+ {Black resigns} 1-0  aics%

[Event "Team 45 45 League T30"]
[Site "Internet Chess Club"]
[Date "2006.04.22"]
[Round "5"]
[White "fuzzface"]
[Black "houseofcook"]
[Result "1-0"]
[WhiteElo "1364"]
[BlackElo "1370"]
[TimeControl "2700+45"]

1. d4 Nf6 2. g3 g6 3. Bg2 Bg7 4. Bg5 O-O 5. Qd2 Re8 6. Nf3 Ne4 7. Qd3 Nxg5 8.
Nxg5 h6 9. Nf3 d6 10. O-O Nc6 11. c3 e5 12. e4 a6 13. Nbd2 Bd7 14. Rfe1 Rb8 15.
b4 exd4 16. Nxd4 Ne5 17. Qc2 c5 18. f4 cxd4 19. fxe5 dxc3 20. Nc4 dxe5 21. Rad1
Bf8 22. Bh3 Qc7 23. Bxd7 Red8 24. Qxc3 Rxd7 25. Rxd7 Qxd7 26. Nxe5 Qd8 27. Qc4
Rc8 28. Qxf7+ Kh8 29. Nxg6# {Black checkmated} 1-0  aics%

[Event "Team 45 45 League T30"]
[Site "Internet Chess Club"]
[Date "2006.04.22"]
[Round "5"]
[White "EyeAm"]
[Black "ChessZak"]
[Result "0-1"]
[WhiteElo "1283"]
[BlackElo "1430"]
[TimeControl "2700+45"]

1. e4 c5 2. Nc3 Nc6 3. g3 g6 4. Bg2 Bg7 5. d3 Nf6 6. Be3 d6 7. Nf3 Bg4 8. O-O
O-O 9. Qd2 Bxf3 10. Bxf3 Ne5 11. Qe2 Nxf3+ 12. Qxf3 Qd7 13. Qe2 b6 14. a4 d5 15.
exd5 Nxd5 16. Nxd5 Qxd5 17. c4 Qe6 18. Rab1 Bd4 19. Rfe1 Bxe3 20. Qxe3 Qxe3 21.
Rxe3 e6 22. f4 Rfd8 23. Kf2 Rd4 24. Rd1 Kg7 25. Re4 Rad8 26. Ke2 Rxe4+ 27. dxe4
Rxd1 28. Kxd1 Kf6 29. Ke2 e5 30. Ke3 exf4+ 31. Kxf4 h6 32. h4 Ke6 33. g4 f6 34.
b3 g5+ 35. hxg5 hxg5+ 36. Kf3 Ke5 37. Ke3 a5 38. Kf3 Kd4 39. e5 fxe5 40. Ke2 Kc3
41. Ke3 Kxb3 42. Ke4 Kxc4 43. Kxe5 Kb3 44. Kf5 c4 45. Kxg5 c3 46. Kh5 c2 47. g5
c1=Q 48. g6 Qc8 49. Kh6 Qg8 50. g7 Kxa4 {White resigns} 0-1  aics%

[Event "Team 45 45 League T30"]
[Site "Internet Chess Club"]
[Date "2006.04.23"]
[Round "5"]
[White "klt713"]
[Black "arconia"]
[Result "1-0"]
[WhiteElo "1336"]
[BlackElo "1353"]
[TimeControl "2700+45"]

1. d4 Nf6 2. Nf3 e6 3. Bg5 Be7 4. Bxf6 Bxf6 5. e3 O-O 6. Be2 d5 7. Nc3 b6 8. Qd2
c5 9. O-O-O Nc6 10. h4 Bd7 11. Kb1 a5 12. e4 cxd4 13. Nb5 dxe4 14. Nfxd4 Nxd4
15. Nxd4 Qb8 16. Qe3 b5 17. Qxe4 a4 18. Bd3 g6 19. h5 b4 20. hxg6 fxg6 21. Rxh7
Be8 22. Qxe6+ Kxh7 23. Rh1+ Kg7 24. Qg4 Bf7 25. Ne6+ Kg8 26. Qh3 Bxe6 27. Qh7#
{Black checkmated} 1-0  aics%

[Event "Team 45 45 League T30"]
[Site "Internet Chess Club"]
[Date "2006.04.25"]
[Round "5"]
[White "PassTheGuard"]
[Black "ffplayer"]
[Result "1-0"]
[WhiteElo "1192"]
[BlackElo "1139"]
[TimeControl "2700+45"]

1. e4 e5 2. Nf3 Nc6 3. Nc3 a6 4. d3 Bb4 5. a3 Bxc3+ 6. bxc3 Nf6 7. Bg5 h6 8. Bh4
O-O 9. d4 g5 10. Nxg5 Ne7 11. dxe5 Nxe4 12. Nxe4 d6 13. Qg4+ Kh7 14. Nf6+ Kh8
15. e6 Bxe6 16. Qd4 Rg8 17. Nd5+ Rg7 18. Bxe7 Qg8 19. Nf6 Qc8 20. Nh5 Qg8 21.
Bf6 Kh7 22. Bd3+ Rg6 23. Bxg6+ fxg6 24. Nf4 Bf5 25. O-O g5 26. Nd5 c5 27. Qd2
Qf7 28. Rfe1 Be6 29. Qd3+ Kg8 30. Bxg5 Bxd5 31. Bxh6 Bc6 32. Qxd6 Kh7 33. Re7
{Black resigns} 1-0  aics%

[Event "Team 45 45 League T30"]
[Site "Internet Chess Club"]
[Date "2006.04.21"]
[Round "5"]
[White "SargentBono"]
[Black "engeln"]
[Result "1-0"]
[WhiteElo "1518"]
[BlackElo "1404"]
[TimeControl "2700+45"]

1. e4 e5 2. Nf3 d6 3. d4 exd4 4. Nxd4 Nf6 5. Nc3 c5 6. Nf3 Be7 7. Be2 O-O 8. O-O
a6 9. Re1 b5 10. Bf1 Bb7 11. Nd5 Nc6 12. c4 Ne5 13. Nxf6+ Bxf6 14. cxb5 axb5 15.
Bxb5 Qb6 16. a4 c4 17. Be3 Qc7 18. Nxe5 Bxe5 19. Bd4 f5 20. Bxe5 dxe5 21. exf5
Rxf5 22. Rc1 Rd8 23. Bxc4+ Kh8 24. Qc2 Rg5 25. Bf1 Qb6 26. Qc7 Qxc7 27. Rxc7 Rb8
28. a5 h6 29. a6 Bd5 30. a7 Rxb2 31. Rc8+ Kh7 32. a8=Q Bxa8 33. Rxa8 Rf5 34. Bd3
Rxf2 35. Bxf5+ Rxf5 36. Ra6 g6 37. Re6 h5 38. R1xe5 Rf4 39. Rg5 {Black resigns}
1-0  aics%

[Event "Team 45 45 League T30"]
[Site "Internet Chess Club"]
[Date "2006.04.23"]
[Round "5"]
[White "NineMilly"]
[Black "Midwest-Rook"]
[Result "0-1"]
[WhiteElo "1194"]
[BlackElo "1255"]
[TimeControl "2700+45"]

1. e4 e5 2. Nf3 Nc6 3. Bb5 Bc5 4. Bxc6 dxc6 5. Nxe5 Qd4 6. Nd3 Qxe4+ 7. Qe2
Qxe2+ 8. Kxe2 Bd6 9. b3 Ne7 10. Nc3 O-O 11. Bb2 Nf5 12. Rae1 Re8+ 13. Kd1 Rxe1+
14. Rxe1 Be6 15. g3 Nd4 16. Re3 Bg4+ 17. Kc1 Bh5 18. Ne4 Ne2+ 19. Kb1 Ng1 20.
Nxd6 cxd6 21. Re7 b6 22. Nb4 c5 23. Nc6 Nf3 24. Nxa7 Nxd2+ 25. Kc1 Nf3 26. h4 d5
27. Rb7 Re8 28. c4 Re1+ 29. Kc2 Bg6+ 30. Kc3 d4# {White checkmated} 0-1  aics%

[Event "Team 45 45 League T30"]
[Site "Internet Chess Club"]
[Date "2006.04.22"]
[Round "5"]
[White "WannaB"]
[Black "Tom45"]
[Result "0-1"]
[WhiteElo "1047"]
[BlackElo "1193"]
[TimeControl "2700+45"]

1. e4 e5 2. Nf3 Nc6 3. d4 exd4 4. Bc4 Bc5 5. Ng5 Qe7 6. Qf3 Nf6 7. Bxf7+ Kf8 8.
O-O Ne5 9. Qb3 Nxf7 10. Nxf7 Qxf7 11. Qxf7+ Kxf7 12. c3 Re8 13. cxd4 Bxd4 14.
Nc3 Bxc3 15. bxc3 Rxe4 16. f3 Re8 17. Bf4 d6 18. c4 b6 19. a4 Ba6 20. Rfc1 Rad8
21. a5 b5 22. c5 h6 23. cxd6 cxd6 24. Rc7+ Rd7 25. Rxd7+ Nxd7 26. Bxd6 Re6 27.
Bg3 Nc5 28. Rc1 Nb3 29. Rc7+ Re7 30. Bd6 Rxc7 31. Bxc7 b4 32. Bd6 Nxa5 33. Bxb4
Nc6 34. Bc5 Bc8 35. h3 a5 36. Kf2 a4 37. Ke3 g5 38. f4 gxf4+ 39. Kxf4 Kg6 40. g4
Be6 41. Bd6 Nd4 42. Bc5 Nc2 43. h4 h5 44. gxh5+ Kxh5 45. Ke5 Bg8 46. Be7 a3 47.
Kf5 a2 48. Bf6 a1=Q 49. Bxa1 Nxa1 {White resigns} 0-1  aics%

[Event "Team 45 45 League T30"]
[Site "Internet Chess Club"]
[Date "2006.04.24"]
[Round "5"]
[White "ElmerHo"]
[Black "mambomex"]
[Result "0-1"]
[WhiteElo "1626"]
[BlackElo "1612"]
[TimeControl "2700+45"]

1. e4 e5 2. Nf3 Nc6 3. Bb5 a6 4. Ba4 Nf6 5. O-O Be7 6. Re1 b5 7. Bb3 d6 8. c3
O-O 9. h3 Bb7 10. d4 Re8 11. Nbd2 Bf8 12. a4 g6 13. d5 Na7 14. Nf1 Bg7 15. Ng3
c6 16. Bg5 h6 17. Bxf6 Qxf6 18. Qd2 Nc8 19. axb5 axb5 20. Rxa8 Bxa8 21. Ra1 Nb6
22. dxc6 Bxc6 23. Ra6 Rb8 24. Qe3 Qd8 25. Ne1 Qc7 26. Nc2 d5 27. exd5 Bxd5 28.
Bxd5 Nxd5 29. Qa7 Rd8 30. Qxc7 Nxc7 31. Rc6 Rd1+ 32. Nf1 Nd5 33. Rd6 Nxc3 34.
Rxd1 Nxd1 35. b3 e4 36. Nd2 f5 37. Kf1 Nb2 38. Ke2 Nd3 39. Ke3 Bf8 40. f3 Bc5+
41. Nd4 Nb4 {White resigns} 0-1  aics%

[Event "Team 45 45 League T30"]
[Site "Internet Chess Club"]
[Date "2006.04.20"]
[Round "5"]
[White "arriero55"]
[Black "Spirou"]
[Result "1-0"]
[WhiteElo "1638"]
[BlackElo "1674"]
[TimeControl "2700+45"]

1. e4 e5 2. Nf3 Nf6 3. Nxe5 d6 4. Nf3 Nxe4 5. d4 d5 6. Nbd2 Bg4 7. Be2 Nd7 8.
Nxe4 dxe4 9. Ng5 Bxe2 10. Qxe2 Be7 11. Nxe4 O-O 12. O-O Re8 13. Bf4 Nb6 14. c3
Bf8 15. Qd3 Nd5 16. Bd2 Qh4 17. Rae1 Re6 18. g3 Rg6 19. Qb5 Qd8 20. c4 Nb6 21.
c5 c6 22. Qb3 Nd5 23. Qxb7 Rb8 24. Qxa7 Nb4 25. Ng5 Nc2 26. Qxf7+ Kh8 27. Qc4
Rxg5 28. Bxg5 Qxg5 29. Qxc2 Qd5 30. Qe4 Qd7 31. Qf4 Rd8 32. Re4 Be7 33. Qf7 Bf6
34. Qxd7 {Black resigns} 1-0  aics%